 Dungeon Crawl Stone Soup version 0.15-a0-734-g2b8d6ef (webtiles) character file.

31220 PolkaDot the Cruncher (level 13, 0/103 HPs)
             Began as a Vampire Gladiator on May 10, 2014.
             Was a High Priest of Qazlal.
             Slain by an eight-headed hydra (4 damage)
             ... on Level 5 of the Lair of Beasts.
             The game lasted 01:38:26 (16906 turns).

PolkaDot the Cruncher (Vampire Gladiator)          Turns: 16906, Time: 01:38:27

HP   0/103       AC 18     Str 14      XL: 13   Next: 24%
MP  23/23        EV 18     Int 12      God: Qazlal [*****.]
Gold 1331        SH 12     Dex 16      Spells:  2 memorised,  7 levels left

rFire  + . .     SeeInvis +     a - +2,+1 quarterstaff
rCold  . . .     Clarity  .     b - +0 leather armour
rNeg   . . .     Conserve +     (no shield)
rPois  .         rCorr    .     c - +1 helmet
rElec  .         rRot     .     T - +0 cloak
SustAb . .       Spirit   .     I - +2 pair of gloves
rMut   .         Warding  .     P - +0 pair of boots
Gourm  .         Stasis   .     v - amulet of conservation
MR     +....                    n - ring of protection from fire
                                x - +5 ring of protection

@: repel missiles, regenerating very quickly, invisible, very slightly
contaminated, protected from physical damage, somewhat resistant to hostile
enchantments, very unstealthy
A: bottle blood, fangs 3, see invisible, unbreathing
a: Bottle Blood, Upheaval, Elemental Force, Disaster Area, Renounce Religion


You were on level 5 of the Lair of Beasts.
You worshipped Qazlal.
Qazlal was extremely pleased with you.
You were almost alive.

You visited 3 branches of the dungeon, and saw 17 of its levels.
You also visited: Sewer and Bailey.

You collected 1331 gold pieces.

Inventory:

Hand weapons
 a - a +2,+1 quarterstaff (weapon)
Missiles
 d - 4 throwing nets (quivered)
Armour
 b - a +0 leather armour (worn)
 c - a +1 helmet (worn)
 I - a +2 pair of gloves (worn)
 P - a +0 pair of boots (worn)
 T - a +0 cloak (worn)
Magical devices
 o - a wand of digging (6)
 u - a wand of teleportation (0)
 y - a wand of paralysis (13)
 B - a wand of invisibility (1)
 C - a wand of digging (9)
 E - a wand of paralysis (10)
 H - a wand of disintegration (16)
 L - a wand of paralysis (7)
 M - a wand of disintegration (13)
 O - a wand of frost (11)
Scrolls
 g - 7 scrolls of remove curse
 l - 3 scrolls of teleportation
 t - 3 scrolls of amnesia
 z - a scroll of recharging
 A - 2 scrolls of enchant armour
 D - 2 scrolls of enchant weapon I
 F - a scroll of magic mapping
 N - a scroll of immolation
 X - 2 scrolls of identify
Jewellery
 e - an uncursed ring of magical power
 i - an uncursed ring of invisibility
 k - an uncursed ring of ice
 m - an uncursed ring of protection from magic
 n - a ring of protection from fire (right hand)
 v - an amulet of conservation (around neck)
 x - a +5 ring of protection (left hand)
 R - an uncursed amulet of rage
 V - an uncursed ring of poison resistance
 W - an uncursed ring of sustain abilities
Potions
 h - a potion of invisibility {unknown}
 j - a potion of flight
 p - a potion of lignification
 q - 23 potions of blood {@w2}
 K - 3 potions of restore abilities
 Q - 2 potions of brilliance
 S - 2 potions of mutation {!q}
Books
 f - a book of Wizardry

   Spells                             Type                      Level
   Agony                              Necromancy                   5
   Force Lance                        Conjuration                  5
   Dispersal                          Translocation                6
   Haste                              Charms                       6
   Invisibility                       Hexes                        6
   Spellforged Servitor               Conjuration/Summoning        7
 s - a Necronomicon {highlevel}

   This book is beyond your current level of understanding.

   Spells                             Type                      Level
   Haunt                              Necromancy/Summoning         7
   Borgnjor's Revivification          Necromancy                   8
   Death's Door                       Charms/Necromancy            8
   Necromutation                      Transmutation/Necromancy     8
 w - a book of Clouds

   Spells                             Type                      Level
   *Mephitic Cloud                    Conjuration/Poison/Air       3
   Conjure Flame                      Conjuration/Fire             3
   Poisonous Cloud                    Conjuration/Poison/Air       6
   Freezing Cloud                     Conjuration/Ice/Air          6
   Ring of Flames                     Charms/Fire                  7


   Skills:
 - Level 10.0 Fighting
 - Level 10.1 Staves
 - Level 1.5 Throwing
 - Level 10.0 Dodging
 + Level 3.6 Conjurations
 * Level 6.6 Air Magic
 - Level 5.6 Poison Magic
 - Level 6.7 Invocations
 - Level 6.2 Evocations


You had 7 spell levels left.
You knew the following spells:

 Your Spells              Type           Power        Failure   Level  Hunger
a - Cure Poison           Pois           ##........   6%          2    ###....
b - Mephitic Cloud        Conj/Pois/Air  ##......     14%         3    ####...


Dungeon Overview and Level Annotations

Branches:
Dungeon (11/15)            Temple (1/1) D:6             Orc (0/4) D:9
   Lair (5/8) D:11         Shoals (0/5) Lair:3       Spider (0/5) Lair:3

Altars:
Ashenzari
Dithmenos
Elyvilon
Kikubaaqudgha
Okawaru
Qazlal
Sif Muna
Trog
Xom
Zin
The Shining One
Beogh

Shops:
D:7 }


Innate Abilities, Weirdness & Mutations

Your natural rate of healing is extremely fast.
You can bottle blood from corpses.
You have razor-sharp teeth.*
You have supernaturally acute eyesight.
You can survive without breathing.*


Message History

Okay, then.
Read which item? (? for menu, Esc to quit)
Okay, then.
Read which item? (? for menu, Esc to quit)
Okay, then.
Read which item? (? for menu, Esc to quit)
Okay, then.
Drink which item? (? for menu, Esc to quit)
Okay, then.
Evoke which item? (* to show all) (? for menu, Esc to quit)
Zapping:
B - a wand of invisibility {zapped: 3}
Press: ? - help, Shift-Dir - straight line, f - you You fade into invisibility!
You are very lightly contaminated with residual magic.
The basilisk closely misses you. The fire drake misses you.
The eight-headed hydra completely misses you.
The eight-headed hydra misses you.
You block the eight-headed hydra's attack. x2
The eight-headed hydra bites you.
You die...

.... ..........
............
..............
................
.................
.................
......§.D§§.......
.........@%§.....r.
.........lk........
.........§.....(..
...............##.
#.............#
##..............
#..............
.............
..#........


You could see an eight-headed hydra, a basilisk, a fire drake and a rat
(wandering).

Vanquished Creatures
  Gastronok (D:9)
  6 hydras
  The ghost of katzbalger the Slicer, an experienced KoHu of Okawaru (D:8)
  An orb spider (Lair:3)
  An unseen horror (D:11)
  A flayed ghost (D:11)
  An oklob plant (Lair:3)
  A cyclops (D:11)
  Joseph (D:7)
  An orc knight (Bailey)
  A necromancer (Lair:4)
  2 manticores
  7 spiny frogs
  3 black mambas (Lair:4)
  A komodo dragon (Lair:4)
  A troll (D:11)
  A kobold demonologist (D:11)
  7 fire drakes (Lair:4)
  A hydra skeleton (D:8)
  5 blink frogs (Lair:4)
  4 basilisks (Lair:4)
  2 yaks (D:11)
  5 wyverns (Lair:4)
  A hill giant zombie (D:9)
  A wraith (D:10)
  11 hippogriffs
  10 sharks (Lair:4)
  4 wolves (Lair:2)
  5 water moccasins
  3 ice beasts
  A porcupine (Lair:3)
  A black bear (D:7)
  8 orc warriors
  3 centaurs
  3 yellow wasps
  4 sky beasts
  2 ogres
  A phantom (D:7)
  10 crocodiles
  6 big kobolds
  13 giant frogs
  5 giant slugs
  Blork the orc (D:8)
  3 giant slug zombies (Lair:4)
  A cyclops skeleton (D:9)
  3 scorpions
  10 killer bees
  9 wights
  2 goliath beetles
  6 crimson imps
  A quasit (D:5)
  4 jellies
  5 big fish (Lair:4)
  A giant frog skeleton (D:5)
  A basilisk zombie (D:7)
  7 orc wizards
  A centaur skeleton (D:9)
  6 orc priests
  16 hounds
  9 iguanas
  5 worker ants
  An orange rat (D:11)
  6 sheep (D:11)
  A big kobold zombie (D:7)
  A crocodile zombie (Lair:4)
  A sky beast zombie (D:9)
  A worker ant zombie (D:11)
  3 gnolls (Bailey)
  27 green rats
  3 orc zombies
  23 adders
  4 shadow imps
  A giant mite (D:3)
  5 worms
  An adder zombie (D:8)
  6 giant geckos
  47 orcs
  8 ball pythons
  17 bats
  12 giant cockroaches
  17 goblins
  21 hobgoblins
  56 kobolds
  4 giant newts
  A giant newt skeleton (D:4)
  7 jackals
  An orc skeleton (D:4)
  9 quokkas
  33 rats
  2 bushes (Lair:4)
  16 fungi
  8 plants
581 creatures vanquished.

Vanquished Creatures (others)
  An orc (D:6)
  A kobold (Bailey)
  2 fungi
  5 plants
9 creatures vanquished.

Grand Total: 590 creatures vanquished

Notes
Turn   | Place    | Note
--------------------------------------------------------------
     0 | D:1      | PolkaDot, the Vampire Gladiator, began the quest for the Orb.
     0 | D:1      | Reached XP level 1. HP: 16/16 MP: 1/1
   200 | D:2      | Reached XP level 2. HP: 20/22 MP: 2/2
   375 | D:2      | Found a shattered altar of Ashenzari.
   433 | D:2      | Reached XP level 3. HP: 22/27 MP: 3/3
   778 | D:3      | Reached skill level 4 in Staves
   778 | D:3      | Reached XP level 4. HP: 20/33 MP: 4/4
  1019 | D:3      | Found a glowing drain.
  1023 | Sewer    | Entered a sewer
  1064 | Sewer    | Reached XP level 5. HP: 13/38 MP: 5/5
  1288 | Sewer    | Reached skill level 5 in Staves
  1749 | Sewer    | Noticed a big kobold
  1822 | Sewer    | Killed a big kobold
  1822 | Sewer    | Reached XP level 6. HP: 17/44 MP: 6/6
  2250 | D:3      | Reached skill level 6 in Staves
  2699 | D:4      | Found an iron altar of Okawaru.
  3238 | D:4      | Found a glowing silver altar of Zin.
  3238 | D:4      | Found a white marble altar of Elyvilon.
  3318 | D:4      | Reached XP level 7. HP: 23/49 MP: 7/7
  3564 | D:5      | Entered Level 5 of the Dungeon
  3747 | D:5      | Reached skill level 7 in Staves
  4363 | D:6      | Found a staircase to the Ecumenical Temple.
  4372 | Temple   | Entered the Ecumenical Temple
  4380 | Temple   | Became a worshipper of Qazlal Stormbringer
  4442 | D:6      | Reached skill level 8 in Staves
  4774 | D:6      | Reached XP level 8. HP: 34/55 MP: 8/8
  4960 | D:7      | Noticed Joseph
  4974 | D:7      | Killed Joseph
  5258 | D:7      | Found Iluit's Gadget Boutique.
  5353 | D:7      | Reached XP level 9. HP: 58/61 MP: 9/9
  5388 | D:7      | Reached skill level 9 in Staves
  5459 | D:7      | Acquired Qazlal's first power
  5529 | D:7      | Found a glowing golden altar of the Shining One.
  6291 | D:8      | Noticed katzbalger's ghost (experienced KoHu)
  6343 | D:8      | Killed katzbalger's ghost
  6531 | D:8      | Noticed Blork the orc
  6573 | D:8      | Killed Blork the orc
  6616 | D:8      | Reached skill level 10 in Dodging
  6734 | D:8      | Found a deep blue altar of Sif Muna.
  6873 | D:9      | Reached skill level 1 in Evocations
  6894 | D:9      | Found a flagged portal.
  6932 | Bailey   | Entered a bailey
  7224 | Bailey   | Reached XP level 10. HP: 67/67 MP: 14/14
  7228 | Bailey   | Acquired Qazlal's second power
  7317 | Bailey   | Noticed an orc knight
  7338 | Bailey   | Killed an orc knight
  7754 | D:9      | Noticed Gastronok
  8027 | D:9      | Reached skill level 10 in Staves
  8243 | D:9      | Reached skill level 5 in Evocations
  8649 | D:6      | Acquired Qazlal's third power
  9509 | D:2      | Found a bloodstained altar of Trog.
 10178 | D:9      | Found a staircase to the Orcish Mines.
 10202 | D:9      | Found a roughly hewn altar of Beogh.
 10209 | D:9      | Reached skill level 1 in Invocations
 10326 | D:9      | Killed Gastronok
 10417 | D:9      | Acquired Qazlal's fourth power
 10420 | D:10     | Entered Level 10 of the Dungeon
 10641 | D:10     | Reached XP level 11. HP: 76/78 MP: 20/20
 10662 | D:10     | Reached skill level 5 in Fighting
 10970 | D:10     | Upgraded the game from 0.15-a0-717-ga3c592f to 0.15-a0-734-g2b8d6ef
 11163 | D:11     | Noticed an unseen horror
 11177 | D:11     | Killed an unseen horror
 11296 | D:11     | Found a staircase to the Lair.
 11534 | D:11     | Noticed an eight-headed hydra
 11554 | D:11     | Killed an eight-headed hydra
 11710 | D:11     | Acquired Qazlal's fifth power
 11786 | D:11     | Noticed a flayed ghost
 11795 | D:11     | Killed a flayed ghost
 12158 | D:11     | Reached skill level 5 in Invocations
 12305 | D:11     | Noticed a three-headed hydra
 12393 | D:11     | Killed a three-headed hydra
 12607 | Lair:1   | Entered Level 1 of the Lair of Beasts
 12790 | Lair:1   | Learned a level 2 spell: Cure Poison
 12796 | Lair:1   | Learned a level 3 spell: Mephitic Cloud
 13486 | Lair:2   | Reached XP level 12. HP: 56/95 MP: 20/22
 14246 | Lair:2   | Noticed a six-headed hydra
 14260 | Lair:2   | Killed a six-headed hydra
 14275 | Lair:3   | Found a shimmering altar of Xom.
 14358 | Lair:3   | Found a staircase to the Shoals.
 14513 | Lair:3   | Found a hole to the Spider Nest.
 14535 | Lair:3   | Reached skill level 10 in Fighting
 15057 | Lair:4   | Reached skill level 1 in Air Magic
 15057 | Lair:4   | Reached skill level 1 in Poison Magic
 15097 | Lair:4   | Noticed a four-headed hydra
 15142 | Lair:4   | Reached skill level 1 in Conjurations
 15327 | Lair:4   | Noticed a six-headed hydra
 15343 | Lair:4   | Killed a six-headed hydra
 15602 | Lair:4   | Killed a four-headed hydra
 15656 | Lair:4   | Reached skill level 5 in Air Magic
 15824 | Lair:4   | Reached XP level 13. HP: 60/103 MP: 23/23
 15837 | Lair:4   | Reached skill level 5 in Poison Magic
 16141 | Lair:4   | Noticed a six-headed hydra
 16160 | Lair:4   | Killed a six-headed hydra
 16905 | Lair:5   | HP: 3/103 [eight-headed hydra (5)]
 16906 | Lair:5   | Slain by an eight-headed hydra

Action                   |  1- 3 |  4- 6 |  7- 9 | 10-12 | 13-15 || total
-------------------------+-------+-------+-------+-------+-------++-------
Melee: Quarterstaff      |    85 |   304 |   527 |  1500 |   220 ||  2636
Invok: Upheaval          |       |       |       |    10 |       ||    10
       Disaster Area     |       |       |       |     1 |       ||     1
 Abil: Bottle Blood      |       |       |    20 |    73 |    12 ||   105
       Evoke Invisibilit |       |       |       |     4 |       ||     4
Evoke: Wand              |       |       |     9 |     4 |     1 ||    14
  Use: Potion            |     1 |     8 |    33 |    75 |     6 ||   123
       Scroll            |     1 |     4 |    11 |    17 |       ||    33
 Stab: Sleeping          |     1 |       |       |       |       ||     1
       Invisible         |       |       |     7 |    20 |       ||    27
